 Dungeon Crawl Stone Soup version 0.25-a0-316-gd28d56f9c5 (webtiles) character file.

Game seed: 557096615187649206, levelgen mode: classic

2932 Borgoz the Cleaver (level 9, -11/76 HPs)
             Began as a Gargoyle Berserker on Dec 24, 2019.
             Was an Elder of Trog.
             Mangled by an orc warrior
             ... wielding a +0 battleaxe
              (15 damage)
             ... on level 7 of the Dungeon.
             The game lasted 00:08:34 (5818 turns).

Borgoz the Cleaver (Gargoyle Berserker)             Turns: 5818, Time: 00:08:34

Health: -11/76     AC: 14    Str: 27    XL:     9   Next: 80%
Magic:  9/9        EV: 15    Int:  7    God:    Trog [****..]
Gold:   479        SH:  0    Dex: 12    Spells: 8/8 levels left

rFire    . . .     SeeInvis +   a - +1 hand axe
rCold    . . .     Gourm    +   (no shield)
rNeg     + . .     Faith    .   u - +2 ring mail {rPois}
rPois    ∞         Spirit   .   (no helmet)
rElec    +         Reflect  .   (no cloak)
rCorr    +         Harm     .   (no gloves)
MR       ++...                  (no boots)
Stlth    ..........             q - amulet of the gourmand
HPRegen  1.22/turn              v - ring of resist corrosion
MPRegen  0.11/turn              j - ring of see invisible

@: berserking, regenerating, very quick
A: negative energy resistance 1, electricity resistance, unbreathing,
petrification resistance, rot immunity, AC +6
a: Berserk, Trog's Hand, Brothers in Arms, Renounce Religion


You were on level 7 of the Dungeon.
You worshipped Trog.
Trog was greatly pleased with you.
You were very full.

You visited 1 branch of the dungeon, and saw 7 of its levels.

You collected 479 gold pieces.

Inventory:

Hand Weapons
 a - a +1 hand axe (weapon)
Armour
 u - a +2 ring mail of poison resistance (worn)
Jewellery
 j - a ring of see invisible (right hand)
 q - an amulet of the gourmand (around neck)
 v - a ring of resist corrosion (left hand)
Wands
 g - a wand of acid (8)
 w - a wand of iceblast (9)
Scrolls
 f - 3 scrolls of enchant weapon
 k - 5 scrolls of teleportation
 m - 2 scrolls of identify
 o - 2 scrolls of remove curse
 x - a scroll of magic mapping {unknown}
Potions
 b - 2 potions of curing
 d - 2 potions of degeneration {unknown}
 e - a potion of cancellation {unknown}
 h - 2 potions of resistance
 i - 4 potions of heal wounds {unknown}
 l - 2 potions of brilliance {unknown}
 n - a potion of magic {unknown}
 p - 3 potions of might {unknown}
 r - 2 potions of flight {unknown}
 s - a potion of haste {unknown}
 t - a potion of mutation {unknown}
 z - a potion of agility
Comestibles
 c - 14 rations
 A - 11 chunks of flesh


   Skills:
 - Level 3.2 Fighting
 * Level 8.2 Axes
 + Level 6.7 Armour
 * Level 7.2 Dodging


You had 8 spell levels left.
You didn't know any spells.
Your spell library was empty.

Dungeon Overview and Level Annotations

Branches:
Dungeon (7/15)             Temple (0/1) D:7

Altars:
Ashenzari
Ru

Shops:
D:4 =   D:6 *!


Innate Abilities, Weirdness & Mutations

You are resistant to torment.
Your stone body is resilient. (AC +6)
You are immune to poison.
You resist negative energy. (rN+)
You are resistant to electric shocks. (rElec)
You can survive without breathing.
You are immune to petrification.
You are immune to rotting.


Message History

You hit the orc warrior.
The orc warrior is moderately wounded.
The orc warrior hits you with a +0 battleaxe!
* * * LOW HITPOINT WARNING * * *
You hit the orc warrior.
The orc warrior is heavily wounded.
The orc hits you but does no damage.
You hit the orc warrior.
The orc warrior is heavily wounded.
You hit the orc warrior.
The orc warrior is severely wounded.
The orc warrior misses you.
The orc hits you from afar with a +0 trident.
* * * LOW HITPOINT WARNING * * *
You slash the orc warrior!
The orc warrior is almost dead.
You closely miss the orc warrior.
The orc warrior is almost dead.
The orc warrior hits you with a +0 battleaxe!
You die...

##......#
##.......
#.##.#.#
##.....#
#.##.#.#
##.>.##
#.##.#.#
##+#
#....#.#
#.#
#.####.#
#.#
#......#
##.###
#.######
##...#.
#@#
#......
#o#
##...#.
#o#
##.##.


#oo #######.##. ##. ........... .. #######.### #. #.# ## #.# #.# You could see
an orc warrior, an orc priest and 2 orcs.

Vanquished Creatures
  Pikel (D:5)
  Grinder (D:4)
  Sigmund (D:2)
  Menkaure (D:4)
  Edmund (D:4)
  2 sky beasts
  3 slaves (D:5)
  A phantom (D:4)
  3 centaurs
  5 bullfrogs
  3 scorpions
  A vampire bat (D:5)
  2 howler monkeys (D:7)
  2 crimson imps (D:5)
  2 hounds
  A quasit (D:6)
  3 orc priests
  5 orc wizards
  2 bullfrog skeletons (D:6)
  An iguana (D:6)
  A worker ant (D:4)
  Ijyb (D:4)
  2 hound zombies
  A worker ant zombie (D:5)
  11 adders
  3 river rats (D:5)
  A shadow imp (D:7)
  An ooze (D:1)
  An adder skeleton (D:7)
  4 worms
  2 dart slugs
  5 leopard geckos
  25 orcs
  16 bats
  7 giant cockroaches
  A goblin (D:1)
  2 hobgoblins (D:1)
  5 quokkas (D:3)
  A ball python (D:5)
  5 frilled lizards
  4 kobolds
  8 rats
148 creatures vanquished.

Vanquished Creatures (others)
  An orc (D:5)
1 creature vanquished.

Grand Total: 149 creatures vanquished

Notes
Turn   | Place    | Note
-------+----------+-------------------------------------------
     0 | D:1      | Borgoz the Gargoyle Berserker began the quest for the Orb.
     0 | D:1      | Reached XP level 1. HP: 14/14 MP: 1/1
    95 | D:1      | Reached XP level 2. HP: 18/19 MP: 2/2
   140 | D:1      | Reached skill level 3 in Axes
   688 | D:2      | Noticed Sigmund
   697 | D:2      | Killed Sigmund
   697 | D:2      | Reached skill level 4 in Axes
   697 | D:2      | Reached XP level 3. HP: 18/23 MP: 3/3
   697 | D:2      | Reached XP level 4. HP: 22/28 MP: 4/4
   697 | D:2      | Reached XP level 5. HP: 25/32 MP: 5/5
  1102 | D:2      | Reached ** piety under Trog
  1319 | D:2      | Reached XP level 6. HP: 25/37 MP: 6/6
  2074 | D:3      | Reached XP level 7. HP: 41/41 MP: 7/7
  2210 | D:4      | Reached *** piety under Trog
  2212 | D:4      | Noticed Edmund
  2237 | D:4      | Killed Edmund
  2237 | D:4      | Reached skill level 5 in Axes
  2473 | D:4      | Found a shattered altar of Ashenzari.
  2715 | D:4      | Noticed Menkaure
  2728 | D:4      | Killed Menkaure
  2751 | D:4      | Noticed Ijyb
  2783 | D:4      | Killed Ijyb
  2783 | D:4      | Reached XP level 8. HP: 38/46 MP: 8/8
  2904 | D:4      | Noticed Grinder
  2942 | D:4      | Killed Grinder
  2942 | D:4      | Reached skill level 6 in Axes
  2942 | D:4      | Reached skill level 5 in Armour
  2942 | D:4      | Reached skill level 5 in Dodging
  2963 | D:4      | Found Kouxal's Jewellery Shop.
  3225 | D:5      | Entered Level 5 of the Dungeon
  3367 | D:5      | Noticed Pikel
  3390 | D:5      | Killed Pikel
  3483 | D:5      | Reached skill level 7 in Axes
  3483 | D:5      | Reached XP level 9. HP: 29/51 MP: 9/9
  4472 | D:6      | Found Xubafrax's Distillery.
  4544 | D:6      | Reached **** piety under Trog
  4653 | D:6      | Found Lisocyop's Assorted Antiques.
  4950 | D:6      | Found a sacrificial altar of Ru.
  5187 | D:7      | Found a staircase to the Ecumenical Temple.
  5499 | D:7      | Reached skill level 8 in Axes
  5813 | D:7      | HP: 2/76 [orc warrior/+0 battleaxe (13)]
  5818 | D:7      | Mangled by an orc warrior

Levels and vault maps discovered:
D:1:      dpeg_arrival_central, layout_basic
D:2:      layout_rooms, minmay_tree_intersection, uniq_sigmund
D:3:      layout_loops_ring
D:4:      layout_basic, first_ration, serial_shops, nicolae_shop_behind_doors,
          evilmike_ruin_ashenzari, uniq_menkaure, uniq_grinder, uniq_ijyb,
          uniq_edmund
D:5:      layout_layer_cave, portal_sewer_entry_b, roderic_batcave,
          moated_statue, uniq_pikel
D:6:      layout_gridville, hangedman_ru_absence, serial_shops,
          nicolae_shop_statue_plus, kennysheep_mini
D:7:      layout_loops_corners, minmay_temple_entry_offerings, serial_shops,
          kennysheep_mini_moat

Skill      XL: |  1  2  3  4  5  6  7  8  9 |
---------------+----------------------------+-----
Axes           | 4 5 7 8 |  8.2
Dodging        | 3 4 6 7 |  7.2
Armour         | 3 4 5 6 |  6.7
Fighting       | |  3.2

Action                   |  1- 3 |  4- 6 |  7- 9 || total
-------------------------+-------+-------+-------++-------
Melee: Hand axe          |    83 |   205 |   518 ||   806
Invok: Berserk           |     1 |       |     5 ||     6
       Trog's Hand       |       |       |     2 ||     2
  Use: Potion            |     1 |       |     2 ||     3
       Scroll            |       |     1 |     9 ||    10
  Eat: Chunk             |       |     5 |    27 ||    32
Armor: Animal skin       |    55 |       |       ||    55
       Ring mail         |     6 |   104 |   237 ||   347
Dodge: Dodged            |   100 |   118 |   402 ||   620

Table legend:
 A = Non-vault XP
 B = Vault XP
 C = Vault XP percentage of total XP
 D = Non-vault monster count
 E = Vault monster count
 F = Vault count percentage of total count
                 A         B        C        D         E       F
            +---------+---------+-------+---------+---------+-------
      Total |    2570 |    1619 |  38.6 |     124 |      21 |  14.5
            +---------+---------+-------+---------+---------+-------
        D:1 |      30 |       0 |   0.0 |      16 |       0 |   0.0
        D:2 |     134 |     220 |  62.1 |      16 |       1 |   5.9
        D:3 |     234 |       0 |   0.0 |      24 |       0 |   0.0
        D:4 |     263 |     649 |  71.2 |      13 |       4 |  23.5
        D:5 |     796 |     750 |  48.5 |      25 |      16 |  39.0
        D:6 |     502 |       0 |   0.0 |      16 |       0 |   0.0
        D:7 |     611 |       0 |   0.0 |      14 |       0 |   0.0
            +---------+---------+-------+---------+---------+-------
